 Dungeon Crawl Stone Soup version 0.27-a0-1312-g5cdb2b3542 (webtiles) character file.

Game seed: 4910665584871480506

7746 bobarctor the Thaumaturge (level 11, -2/72 HPs)
             Began as a Mummy Necromancer on June 19, 2021.
             Was a Priest of Sif Muna.
             Engulfed by a cloud of flame (25 damage)
             ... on level 11 of the Dungeon on June 20, 2021.
             The game lasted 01:25:23 (17057 turns).

bobarctor the Thaumaturge (Mummy Necromancer)      Turns: 17057, Time: 01:25:25

Health: -2/72      AC:  6    Str: 11    XL:     11   Next: 0%
Magic:  22/28      EV: 12    Int: 17    God:    Sif Muna [***...]
Gold:   727        SH:  0    Dex: 14    Spells: 7/36 levels left

rFire    x . .     SeeInvis .   E - +4 shortbow (vorpal)
rCold    + . .     Faith    .   (shield currently unavailable)
rNeg     + + +     Spirit   .   w - +1 leather armour {rN+}
rPois    ∞         Reflect  .   (no helmet)
rElec    .         Harm     .   G - +0 cloak
rCorr    .         Rampage  .   (no gloves)
Will     +....                  l - +0 pair of boots
Stlth    ++........             T - amulet of regeneration
HPRegen  1.22/turn              (no ring)
MPRegen  0.21/turn              (no ring)

@: no status effects
A: cold resistance 1, negative energy resistance 3, torment resistance 2, heat
vulnerability 1, no potions
a: Renounce Religion, Channel Magic, Forget Spell


You were on level 11 of the Dungeon.
You worshipped Sif Muna.
Sif Muna was most pleased with you.
You visited 1 branch of the dungeon, and saw 11 of its levels.
You also visited: Bailey.

You collected 727 gold pieces.

Inventory:

Hand Weapons
 c - a +0 dagger
 d - a +0 dagger
 f - a +0 whip of venom
 h - a +2 short sword of freezing
 s - a +3 war axe
 t - a +2 vorpal flail
 x - a +1 flail of protection
 D - a +2 mace of draining
 E - a +4 vorpal shortbow (weapon)
 H - a +1 whip of electrocution
 J - a +3 hand axe
 K - a +3 long sword
 N - a +5 scimitar of freezing
 P - a +3 vorpal war axe
 V - a +4 trident
Missiles
 b - 180 stones
 e - 4 silver javelins
 n - 112 arrows (quivered ammo)
 y - 24 bolts
 C - a throwing net
 M - 15 poisoned darts
 O - 13 boomerangs
Armour
 a - a +0 robe
 j - a scarf of harm
 l - a +0 pair of boots (worn)
 u - a +0 chain mail of poison resistance
 w - a +1 leather armour of positive energy (worn)
 G - a +0 cloak (worn)
 Q - +0 swamp dragon scales
Jewellery
 k - an amulet of reflection
 p - a ring of fire
 F - a ring of fire
 T - an amulet of regeneration (around neck)
 U - a ring of poison resistance
Wands
 g - a wand of charming (8)
 m - a wand of polymorph (8)
 r - a wand of paralysis (9)
 v - a wand of flame (45)
 z - a wand of mindburst (14)
 B - a wand of iceblast (17)
 I - a wand of acid (10)
Scrolls
 i - a scroll of fog
 o - 2 scrolls of torment
 q - 3 scrolls of amnesia
 A - a scroll of enchant weapon
 L - a scroll of vulnerability
 R - a scroll of fear
 S - a scroll of teleportation


   Skills:
 + Level 2.0 Fighting
 * Level 2.7 Bows
 + Level 2.6 Dodging
 + Level 1.9 Stealth
 * Level 13.3 Spellcasting
 * Level 4.7 Conjurations
 * Level 2.9 Hexes
 + Level 8.5 Necromancy
 + Level 0.9 Translocations
 + Level 0.3 Fire Magic
 * Level 4.6 Invocations


You had 7 spell levels left.
You knew the following spells:

 Your Spells              Type           Power      Damage    Failure   Level
a - Pain                  Necr           100%       1d9       1%          1
b - Magic Dart            Conj           100%       1d8       1%          1
c - Vampiric Draining     Necr           20%        2d8       1%          3
d - Searing Ray           Conj           54%        3d5       1%          2
e - Dazzling Flash        Conj/Hex       48%        N/A       4%          3
f - Animate Skeleton      Necr           80%        N/A       1%          1
g - Animate Dead          Necr           20%        N/A       2%          4
h - Agony                 Necr           40%        N/A       7%          5
i - Slow                  Hex            21%        N/A       3%          2
j - Corona                Hex            23%        N/A       2%          1
k - Inner Flame           Hex/Fire       17%        N/A       12%         3
l - Portal Projectile     Hex/Tloc       36%        N/A       11%         3

Your spell library contained the following spells:

 Spells                   Type           Power      Damage    Failure   Level
 Shock                    Conj/Air       76%        1d7       3%          1
 Static Discharge         Conj/Air       19%        N/A       4%          2
 Confusing Touch          Hex            21%        N/A       7%          3
 Gell's Gravitas          Tloc           7%         N/A       16%         3
 Fulminant Prism          Conj/Hex       12%        3d9       16%         4
 Swiftness                Air            11%        N/A       24%         3
 Cause Fear               Hex            10%        N/A       24%         4
 Iskenderun's Mystic Bla  Conj/Tloc      21%        2d6       24%         4
 Leda's Liquefaction      Hex/Erth       8%         N/A       41%         4
 Airstrike                Air            5%         N/A       63%         4
 Petrify                  Tmut/Erth      11%        N/A       63%         4
 Lightning Bolt           Conj/Air       9%         1d22      63%         5
 Metabolic Englaciation   Hex/Ice        8%         N/A       77%         5
 Yara's Violent Unravell  Hex/Tmut       8%         3d5       77%         5


Dungeon Overview and Level Annotations

Branches:
Dungeon (11/15)            Temple (0/1) D:4             Orc (0/2) D:9
 Bailey (visited)
   Lair: D:8-11

Altars:
Ashenzari
Cheibriados
Dithmenos
Elyvilon
Hepliaklqana
Makhleb
Nemelex Xobeh
Qazlal
Sif Muna
Xom
Yredelemnul
The Shining One

Annotations:
D:6 2 transporters, mordus's ghost, novice MiMo
D:9 1 runed translucent door
D:10 1 runed translucent door, barkas's ghost, journeyman NaAM


Innate Abilities, Weirdness & Mutations

You are immune to poison.
Your flesh is cold resistant. (rC+)
You are immune to negative energy. (rN+++)
You are immune to unholy pain and torment.
You are vulnerable to heat. (rF-)
You do not drink.


Message History

The wolf bites you. The wolf closely misses you. The wolf bites you.
You open the door.
The wolf bites you. x3; The wolf closely misses you.
The wolf bites you. The wolf bites you.
Found a fuming orange potion.
There is an open door here.
The wolf bites you. The wolf completely misses you. The wolf misses you.
The wolf closely misses you. The wolf misses you. The wolf bites you.
Casting: Inner Flame (dangerous; 12% risk of failure)
Confirm with . or Enter, or press ? or * to list all spells.
Aiming: Vampiric Draining (safe; 1% risk of failure)
Press: ? - help, Shift-Dir - straight line, f - wolf, p - water moccasin
Aim: a wolf (inner flame)
You draw life force from the wolf!
Flame seeps out of the wolf.
You feel life coursing into your body.
The wolf is engulfed in blazing flames.
Flame seeps out of the wolf.
The wolf bites you.
Unknown command.
Unknown command.
Casting: Vampiric Draining (safe; 1% risk of failure)
Confirm with . or Enter, or press ? or * to list all spells.
Aiming: Vampiric Draining (safe; 1% risk of failure)
Press: ? - help, Shift-Dir - straight line, f/p - wolf
Aim: a wolf (flame, severely wounded, inner flame)
You draw life force from the wolf!
Sif Muna accepts your kill.
You feel life coursing into your body.
The wolf explodes!
The fiery explosion engulfs the wolf!!
You kill the wolf!
Sif Muna accepts your kill.
The fiery explosion engulfs the wolf!!!
You kill the wolf!
Sif Muna accepts your kill. The fiery explosion engulfs you!!!
The fire burns you terribly!
Ouch! That really hurt!
You are engulfed in blazing flames.
You die...

########
#..+...#
#..#...#
####..#...#
#...S.'...#
#§†...#.S.#
#§○####...#
#§§@..#...#
#.....#...#
#.....#...#
#.....#...#
#######...#
#...# #...#
#...#
####...#


There were no monsters in sight!

Vanquished Creatures
  Pikel (D:8)
  Maurice (D:8)
  Maggie (D:7)
  A troll (D:9)
  2 hornets (D:8)
  A wyvern (D:9)
  12 yaks
  2 steam dragons
  Edmund (D:5)
  Duvessa (D:5)
  A water moccasin (D:7)
  3 orc warriors
  3 ice beasts
  2 black bears
  2 sky beasts
  3 ogres
  A necrophage (D:2)
  3 centaurs
  3 wolves (D:11)
  4 lemures
  3 phantoms
  A kobold brigand (D:9)
  4 bullfrogs
  A water moccasin zombie (D:6)
  A scorpion (D:5)
  Dowan (D:5)
  7 wights
  6 howler monkeys
  A jelly (D:6)
  A bullfrog zombie (D:5)
  A centaur zombie (D:9)
  2 centaur skeletons (D:7)
  A hound (D:7)
  A bullfrog skeleton (D:7)
  5 orc priests
  2 gnoll shamans
  7 orc wizards
  An iguana (D:5)
  5 adders
  12 gnolls
  2 worms
  A dart slug (D:1)
  27 orcs
  7 ball pythons
  5 endoplasms
  6 giant cockroaches
  19 goblins
  8 hobgoblins
  2 jackals (D:1)
  A quokka (D:2)
  11 bats
  6 frilled lizards
  16 kobolds
  4 rats
  A spectral orc (D:10)
227 creatures vanquished.

Vanquished Creatures (others)
  2 plants (D:11)
2 creatures vanquished.

Grand Total: 229 creatures vanquished

Notes
Turn   | Place    | Note
-------+----------+-------------------------------------------
     0 | D:1      | bobarctor the Mummy Necromancer began the quest for the
                  | Orb.
     0 | D:1      | Reached XP level 1. HP: 13/13 MP: 4/4
   149 | D:1      | Reached skill level 3 in Spellcasting
   211 | D:1      | Reached XP level 2. HP: 19/19 MP: 1/6
   709 | D:1      | Found a faded altar of an unknown god.
   717 | D:1      | Became a worshipper of Sif Muna the Loreminder
   717 | D:1      | Reached * piety under Sif Muna
  1002 | D:1      | Reached XP level 3. HP: 24/24 MP: 6/8
  1004 | D:1      | Learned a level 1 spell: Magic Dart
  1008 | D:1      | Learned a level 3 spell: Vampiric Draining
  1011 | D:1      | Learned a level 2 spell: Searing Ray
  1556 | D:2      | Reached skill level 4 in Spellcasting
  1955 | D:2      | Noticed a necrophage
  1962 | D:2      | Killed a necrophage
  1963 | D:2      | Reached skill level 5 in Spellcasting
  1963 | D:2      | Reached skill level 1 in Invocations
  1963 | D:2      | Reached XP level 4. HP: 20/30 MP: 1/11
  1963 | D:2      | Reached XP level 5. HP: 23/35 MP: 1/12
  2096 | D:2      | Reached ** piety under Sif Muna
  3377 | D:3      | Reached skill level 1 in Conjurations
  3670 | D:3      | Found a broken altar of Ashenzari.
  3675 | D:3      | Reached skill level 6 in Spellcasting
  4425 | D:3      | Reached XP level 6. HP: 39/41 MP: 0/15
  4964 | D:4      | Found a staircase to the Ecumenical Temple.
  4970 | D:4      | Learned a level 3 spell: Dazzling Flash
  4985 | D:4      | Reached skill level 5 in Necromancy
  5279 | D:5      | Entered Level 5 of the Dungeon
  5282 | D:5      | Found a burning altar of Makhleb.
  5366 | D:5      | Reached skill level 7 in Spellcasting
  5482 | D:5      | Noticed an ice beast
  5488 | D:5      | Killed an ice beast
  5489 | D:5      | Reached XP level 7. HP: 47/47 MP: 7/17
  5599 | D:5      | Found a shimmering altar of Xom.
  5743 | D:5      | Found a shadowy altar of Dithmenos.
  5937 | D:5      | Noticed Edmund
  5945 | D:5      | Killed Edmund
  5946 | D:5      | Reached skill level 8 in Spellcasting
  6231 | D:5      | Noticed Duvessa
  6235 | D:5      | Learned a level 1 spell: Animate Skeleton
  6240 | D:5      | Learned a level 4 spell: Animate Dead
  6255 | D:5      | Killed Duvessa
  6255 | D:5      | Reached *** piety under Sif Muna
  6259 | D:5      | Noticed Dowan
  6618 | D:5      | Killed Dowan
  6619 | D:5      | Reached skill level 9 in Spellcasting
  6619 | D:5      | Reached XP level 8. HP: 45/53 MP: 9/21
  7362 | D:6      | Found a transporter.
  7934 | D:6      | Noticed mordus's ghost (novice MiMo)
  7938 | D:6      | Found a transporter.
  7983 | D:6      | Reached skill level 10 in Spellcasting
  8029 | D:6      | Learned a level 5 spell: Agony
  8204 | D:7      | Noticed a skeletal warrior
  8560 | D:7      | Reached skill level 1 in Fighting
  8654 | D:7      | Identified a scroll of acquirement
  8656 | D:7      | Acquired a book of Debilitation
  8661 | D:7      | Learned a level 2 spell: Slow
  8663 | D:7      | Learned a level 1 spell: Corona
  8707 | D:7      | Reached XP level 9. HP: 52/59 MP: 11/23
  8866 | D:7      | Noticed Maggie
  9623 | D:7      | Noticed a skeletal warrior
  9924 | D:8      | Reached skill level 11 in Spellcasting
  9977 | D:8      | Found a flagged portal.
  9991 | Bailey   | Entered a bailey
  9991 | Bailey   | Noticed an orc knight
 10362 | D:8      | Reached skill level 1 in Hexes
 10472 | D:8      | Learned a level 3 spell: Inner Flame
 10738 | D:8      | Learned a level 3 spell: Portal Projectile
 10886 | D:9      | Found a runed translucent door.
 10886 | D:9      | Noticed a sixfirhy
 10886 | D:9      | Noticed a troll
 10891 | D:9      | Killed a troll
 10974 | D:9      | Noticed Maurice
 11179 | D:8      | Killed Maurice
 11359 | D:9      | Noticed Pikel
 11612 | D:8      | Reached XP level 10. HP: 46/65 MP: 10/25
 11737 | D:9      | Found a staircase to the Orcish Mines.
 11762 | D:9      | Reached skill level 12 in Spellcasting
 12311 | D:8      | Killed Pikel
 12312 | D:8      | Reached skill level 1 in Bows
 12449 | D:9      | Reached **** piety under Sif Muna
 12947 | D:9      | Found a sparkling altar of Nemelex Xobeh.
 13234 | D:9      | Found a stormy altar of Qazlal.
 13970 | D:7      | Killed Maggie
 14841 | D:7      | Noticed a skeletal warrior
 14933 | D:10     | Entered Level 10 of the Dungeon
 15264 | D:10     | Found a snail-covered altar of Cheibriados.
 15392 | D:10     | Reached skill level 13 in Spellcasting
 15571 | D:10     | Found a basalt altar of Yredelemnul.
 15622 | D:10     | Found a hazy altar of Hepliaklqana.
 15780 | D:10     | Found a runed translucent door.
 15780 | D:10     | Noticed a fire crab
 15784 | D:10     | Noticed barkas's ghost (journeyman NaAM)
 16129 | D:11     | Noticed a cyclops
 16129 | D:11     | Noticed a two-headed ogre
 16969 | D:11     | Reached XP level 11. HP: 69/72 MP: 14/28
 17057 | D:11     | Engulfed by a cloud of flame

Illustrated notes

Levels and vault maps discovered:
D:1:      lemuel_arrival_cross, layout_loops_corners,
          shapermc_ecumenical_altar_starsandcircs, minmay_misc_feat_tiny,
          minmay_split_cup_small
D:2:      layout_loops_corners, minmay_tiny_reverse_x
D:3:      layout_basic, tso_altar, cheibrodos_ashenzari_chains, st_stairs_12
D:4:      layout_cave_pools, minmay_temple_entry_fiery, chequers_garden
D:5:      layout_gridville, lemuel_crystal_altar, bloody_makhleb,
          xom_butterflies, uniq_edmund, uniq_duvessa
D:6:      layout_basic, gammafunk_ghost_smash, hangedman_decor_lopped,
          chequers_jeans, minivault_19, grunt_decor_cap
D:7:      layout_layer_cave, kennysheep_little_box, uniq_maggie
D:8:      layout_rooms, enter_bailey_5
D:9:      cheibrodos_shockbox, layout_rooms, nemelex_altar_shiori,
          nicolae_qazlal_scattered_showers, chequers_serial_rivers_room_a,
          uniq_pikel, uniq_maurice
D:10:     layout_basic, cheibrodos_worm_habitat,
          nicolae_hepliaklqana_hippocampus, yredelemnul_forgotten_temple_becter,
          ebering_ghost_inner_flame
D:11:     layout_grid_maze, minmay_lair_entry_grove

Skill      XL: |  1  2  3  4  5  6  7  8  9 10 |
---------------+-------------------------------+-----
Spellcasting   | 3 5 6 7 9 10 11 13 | 13.3
Invocations    | 1 2 3 4 |  4.6
Conjurations   | 1 2 3 4 |  4.7
Necromancy     | 5 6 8 |  8.5
Dodging        | 2 |  2.6
Fighting       | 1 2 |  2.0
Hexes          | 1 2 |  2.9
Bows           | 2 |  2.7
Stealth        | |  1.9
Translocations | |  0.9
Fire Magic     | |  0.3

Action                   |  1- 3 |  4- 6 |  7- 9 | 10-12 || total
-------------------------+-------+-------+-------+-------++-------
Melee: Dagger            |     1 |       |       |       ||     1
       Short sword       |     4 |     6 |    46 |    12 ||    68
       Whip              |       |       |       |     3 ||     3
 Fire: Shortbow          |       |       |     6 |    89 ||    95
Throw: Javelin           |     1 |       |       |       ||     1
 Cast: Pain              |    73 |    91 |    65 |    37 ||   266
       Vampiric Draining |     4 |    14 |    92 |    52 ||   162
       Searing Ray       |     1 |     4 |     1 |       ||     6
       Magic Dart        |     1 |     3 |    37 |    42 ||    83
       Slow              |       |       |     5 |    13 ||    18
       Corona            |       |       |     2 |       ||     2
       Animate Dead      |       |       |     1 |       ||     1
       Inner Flame       |       |       |     9 |    23 ||    32
       Portal Projectile |       |       |     3 |    31 ||    34
Invok: Channel Magic     |       |       |     2 |     3 ||     5
  Use: Scroll            |       |     4 |     6 |     4 ||    14
 Stab: Sleeping          |       |     1 |     1 |       ||     2
Armor: Robe              |     3 |    10 |    24 |    28 ||    65
       Leather armour    |       |       |       |    13 ||    13
Dodge: Dodged            |    11 |    18 |    81 |   122 ||   232
Block: Other             |       |     3 |    43 |    32 ||    78

Table legend: (Time is in decaauts)
 A = Elapsed time spent in this place.
 B = Non-inter-level travel time spent in this place.
 C = Inter-level travel time spent in this place.
 D = Time resting spent in this place.
 E = Time spent auto-exploring this place.
 F = Levels seen in this place.
 G = Mean time per level.
                   A        B        C        D        E       F      G
               +--------+--------+--------+--------+--------+-----+--------+
         Total |  17134 |  16316 |    818 |   6721 |   6920 |  12 | 1427.8 |
       Dungeon |  17080 |  16262 |    818 |   6673 |   6920 |  11 | 1552.7 |
        Bailey |     53 |     53 |      0 |     48 |      0 |   1 |   53.0 |
               +--------+--------+--------+--------+--------+-----+--------+

Top non-repeatable levels by time:
     D:8: 2501 daAuts
     D:6: 2344 daAuts
     D:7: 2325 daAuts
     D:1: 1935 daAuts
     D:5: 1512 daAuts
     D:2: 1414 daAuts
    D:10: 1225 daAuts
     D:3: 1154 daAuts
     D:9: 1139 daAuts
     D:4: 779 daAuts
    D:11: 746 daAuts
  Bailey: 53 daAuts
